 Dungeon Crawl Stone Soup version 0.28-a0-1236-gb25a51b929 (webtiles) character file.

Game seed: 3922421465894297482

272 wakim the Gusty (level 6, -6/32 HPs)
             Began as a Tengu Air Elementalist on Dec 25, 2021.
             Mangled by a wyvern zombie (9 damage)
             ... on level 3 of the Dungeon.
             The game lasted 00:17:35 (3347 turns).

wakim the Gusty (Tengu Air Elementalist)            Turns: 3347, Time: 00:17:35

Health: -6/32      AC:  3    Str:  9    XL:     6   Next: 23%
Magic:  6/11       EV: 14    Int: 17    God:
Gold:   126        SH:  0    Dex: 14    Spells: 8/11 levels left

rFire   . . .      SeeInvis .   a - +0 short sword
rCold   . . .      Faith    .   (no shield)
rNeg    . . .      Spirit   .   c - +0 robe
rPois   .          Reflect  .   (helmet restricted)
rElec   .          Harm     .   (no cloak)
rCorr   .          Rampage  .   i - +0 pair of gloves
Will    .....                   (boots unavailable)
Stlth   ++........              (no amulet)
HPRegen 0.10/turn               (no ring)
MPRegen 0.12/turn               (no ring)

@: flying quickly and evasively, hasted, very quick
A: beak, talons 3, nimble flight
a: no special abilities


You were on level 3 of the Dungeon.
You visited 1 branch of the dungeon, and saw 3 of its levels.

You collected 126 gold pieces.

Inventory:

Hand Weapons
 a - a +0 short sword (weapon)
Armour
 c - a +0 robe (worn)
 i - a +0 pair of gloves (worn)
Scrolls
 T - a scroll of teleportation
Potions
 A - a potion of ambrosia
 B - 2 potions of attraction {!q}
 E - a potion of cancellation
 M - a potion of mutation {!q}
 O - a potion of resistance


   Skills:
 - Level 2.1 Dodging
 - Level 2.0 Stealth
 + Level 3.1 Spellcasting
 * Level 5.1 Conjurations
 * Level 6.4 Air Magic


You had 8 spell levels left.
You knew the following spells:

 Your Spells              Type           Power      Damage    Failure   Level
a - Shock                 Conj/Air       88%        1d8       1%          1
d - Static Discharge      Conj/Air       22%        N/A       2%          2

Your spell library contained the following spells:

 Spells                   Type           Power      Damage    Failure   Level
 Swiftness                Air            24%        N/A       3%          3
 Airstrike                Air            12%        N/A       12%         4
 Sandblast                Erth           4%         2d4       17%         1
 Stone Arrow              Conj/Erth      22%        3d8       19%         3
 Ensorcelled Hibernation  Hex/Ice        4%         N/A       26%         2
 Passwall                 Tmut/Erth      1%         N/A       26%         2
 Ozocubu's Armour         Ice            2%         N/A       45%         3
 Tukima's Dance           Hex            2%         N/A       45%         3
 Ozocubu's Refrigeration  Ice            1%         4d5       100%        7


Dungeon Overview and Level Annotations

Branches:
Dungeon (3/15)

Altars:
Uskayaw


Innate Abilities, Weirdness & Mutations

You have a beak for a mouth.
You have claws for feet.
Your magical nature lets you fly swiftly and evasively.


Message History

A wyvern zombie comes into view.
The zap misses the adder. x2
The zap hits the adder.
The adder is severely wounded.
The zap hits the adder!
You kill the adder!
The wyvern zombie bites you. The wyvern zombie bites you!
The wyvern zombie bites you!
* * * LOW HITPOINT WARNING * * *
You are too injured to fight recklessly!
Casting: Shock (safe; 1% risk of failure)
Confirm with . or Enter, or press ? or * to list all spells.
Okay, then.
Casting: Shock (safe; 1% risk of failure)
Confirm with . or Enter, or press ? or * to list all spells.
The wyvern zombie is struck by an arc of lightning.
The wyvern zombie is lightly damaged.
You are struck by an arc of lightning.
* * * LOW HITPOINT WARNING * * *
The lightning grounds out.
The wyvern zombie misses you.
Casting: Static Discharge (safe; 2% risk of failure)
Confirm with . or Enter, or press ? or * to list all spells.
Aiming: Shock (safe; 1% risk of failure)
Press: ? - help, Shift-Dir - straight line The zap hits the wyvern zombie.
The wyvern zombie is lightly damaged.
The zap hits the wyvern zombie.
The wyvern zombie is moderately damaged.
The wyvern zombie misses you. The wyvern zombie bites you.
* * * LOW HITPOINT WARNING * * *
Casting: Shock (safe; 1% risk of failure)
Confirm with . or Enter, or press ? or * to list all spells.
Aiming: Shock (safe; 1% risk of failure)
Press: ? - help, Shift-Dir - straight line The zap hits the wyvern zombie.
The wyvern zombie is moderately damaged.
The zap misses the wyvern zombie.
The wyvern zombie barely misses you.
You feel yourself speed up. The wyvern zombie bites you!
You die...

.....##############...........#
###### #######......)....# #
##.................# #
#######..................#
######........................#
..............#..###..........#
#......#..####................#
..##.....####....###......(...#
..............#.@#............#
.......########.Z..##.........#
.........# ##...####.......##
......#..## #....# ##.....##
#####.#...####.##.## ####### .#
#.###...<#.##..#
.####.....##...##..# ##########
...######.###..##..# #........#
##.............##.## #........#


You could see a wyvern zombie.

Vanquished Creatures
  A necrophage (D:2)
  A bullfrog skeleton (D:2)
  6 adders
  4 gnolls (D:2)
  4 worms
  2 dart slugs (D:1)
  3 endoplasms
  6 giant cockroaches
  3 goblins (D:1)
  3 hobgoblins
  3 kobolds
  2 quokkas (D:1)
  6 ball pythons
  6 bats
  3 frilled lizards
  4 rats
57 creatures vanquished.

Notes
Turn   | Place    | Note
-------+----------+-------------------------------------------
     0 | D:1      | wakim the Tengu Air Elementalist began the quest for the
                  | Orb.
     0 | D:1      | Reached XP level 1. HP: 10/10 MP: 4/4
   141 | D:1      | Reached XP level 2. HP: 15/15 MP: 1/6
   231 | D:1      | Learned a level 2 spell: Static Discharge
   883 | D:2      | Reached XP level 3. HP: 19/19 MP: 5/7
   988 | D:2      | Reached skill level 5 in Air Magic
  1296 | D:2      | Reached XP level 4. HP: 24/24 MP: 5/8
  1367 | D:2      | Found a faded altar of an unknown god.
  1390 | D:2      | Found a hide-covered altar of Uskayaw.
  2100 | D:2      | Gained mutation: Your magical nature lets you fly swiftly
                  | and evasively. [Tengu growth]
  2100 | D:2      | Reached XP level 5. HP: 28/28 MP: 4/10
  2508 | D:3      | Noticed a necrophage
  2537 | D:2      | Killed a necrophage
  2538 | D:2      | Reached skill level 6 in Air Magic
  2538 | D:2      | Reached XP level 6. HP: 9/32 MP: 1/11
  2819 | D:2      | Reached skill level 5 in Conjurations
  3347 | D:3      | Mangled by a wyvern zombie

Illustrated notes

Levels and vault maps discovered:
D:1:      wander_arrival_chamber, layout_basic
D:2:      minmay_door_path, layout_loops_ring, basic_altar,
          shapermc_ecumenical_altar_totnotflames, minmay_misc_feat_plants,
          minmay_misc_feat_enclosed
D:3:      layout_rooms

Skill      XL: |  1  2  3  4  5  6 |
---------------+-------------------+-----
Conjurations   | 2 3 4 5 |  5.1
Air Magic      | 5 6 |  6.4
Spellcasting   | 3 |  3.1
Dodging        | |  2.1
Stealth        | |  2.0

Action                   |  1- 3 |  4- 6 || total
-------------------------+-------+-------++-------
Melee: Short sword       |       |     6 ||     6
 Cast: Shock             |    45 |    70 ||   115
       Static Discharge  |     1 |     8 ||     9
  Use: Scroll            |     2 |     7 ||     9
       Potion            |       |     1 ||     1
Armor: Robe              |     2 |     5 ||     7
Dodge: Dodged            |     4 |    33 ||    37

Table legend: (Time is in decaauts)
 A = Elapsed time spent in this place.
 B = Non-inter-level travel time spent in this place.
 C = Inter-level travel time spent in this place.
 D = Time resting spent in this place.
 E = Time spent auto-exploring this place.
 F = Levels seen in this place.
 G = Mean time per level.
                   A        B        C        D        E       F      G
               +--------+--------+--------+--------+--------+-----+--------+
         Total |   3278 |   2864 |    414 |    779 |    239 |   3 | 1092.7 |
       Dungeon |   3278 |   2864 |    414 |    779 |    239 |   3 | 1092.7 |
               +--------+--------+--------+--------+--------+-----+--------+

Top non-repeatable levels by time:
     D:2: 1829 daAuts
     D:1: 1008 daAuts
     D:3: 440 daAuts
